MLB
BOSTON RED SOX @ DETROIT TIGERS
06/06/2044
 
TOP OF THE 1ST
Boston Red Sox batting - Pitching for Detroit Tigers : RHP Franklin Rojas
Pitching: RHP Franklin Rojas
Batting: SHB Robbie Rogers 0-0: Ball
1-0: Called Strike
1-1: Swinging Strike
1-2: Foul Ball, location: 2F
1-2: Foul Ball, location: 2F
1-2: Ground out 5-3 (Groundball, 56S, EV 80.6 MPH)
Batting: LHB Xavier Pittman 0-0: Ball
1-0: Called Strike
1-1: Swinging Strike
1-2: Ball
2-2: Strikes out looking
Batting: SHB Mark Rennie 0-0: Ball
1-0: Ball
2-0: Called Strike
2-1: Swinging Strike
2-2: Ball
3-2: Foul Ball, location: 2F
3-2: Foul Ball, location: 2F
3-2: Foul Ball, location: 2F
3-2: Base on Balls
Batting: LHB Ernesto Cedillos 0-0: Ball
1-0: Ground out 4-3 (Groundball, 4M, EV 111.9 MPH)
Top of the 1st over - 0 runs, 0 hits, 0 errors, 1 left on base; Boston 0 - Detroit 0
BOTTOM OF THE 1ST
Detroit Tigers batting - Pitching for Boston Red Sox : RHP Adam Thomas
Pitching: RHP Adam Thomas
Batting: RHB Greg Harman 0-0: Swinging Strike
0-1: Foul Ball, location: 2F
0-2: Strikes out looking
Batting: LHB Jordan Villa 0-0: Ball
1-0: Called Strike
1-1: Ground out 6-3 (Groundball, 4S, EV 87.5 MPH)
Batting: SHB Phil Zacharia 0-0: Ball
1-0: Ball
2-0: Called Strike
2-1: Called Strike
2-2: Ball
3-2: DOUBLE (Line Drive, 5D, EV 108.8 MPH)
Batting: LHB Tyler Davis 0-0: Foul Ball, location: 2F
0-1: SINGLE (Groundball, 4MD, EV 97.5 MPH)
Phil Zacharia to third
Runner from 3rd tries for Home, SAFE, throw by CF to home
Batting: RHB Ryan Neal 0-0: Foul Ball, location: 2F
0-1: Ball
1-1: Foul Ball, location: 2F
1-2: Ball
2-2: Ground out 4-3 (Groundball, 34, EV 104.4 MPH)
Bottom of the 1st over - 1 run, 2 hits, 0 errors, 1 left on base; Boston 0 - Detroit 1
TOP OF THE 2ND
Boston Red Sox batting - Pitching for Detroit Tigers : RHP Franklin Rojas
Batting: SHB Rich Chavez 0-0: Ball
1-0: Ball
2-0: Ball
3-0: Ground out U3 (Groundball, 3L, EV 94.4 MPH)
Batting: RHB Manny Vergara 0-0: Ball
1-0: SINGLE (Groundball, 34D, EV 101.9 MPH)
Batting: LHB Kevin McCormic Jr. 0-0: Ball
1-0: Ball
2-0: Foul Ball, location: 2F
2-1: Foul Ball, location: 2F
2-2: Ball
3-2: Foul Ball, location: 2F
3-2: Foul Ball, location: 2F
3-2: Grounds into double play, 6-4-3 (Groundball, 6, EV 79.4 MPH)
Top of the 2nd over - 0 runs, 1 hit, 0 errors, 0 left on base; Boston 0 - Detroit 1
BOTTOM OF THE 2ND
Detroit Tigers batting - Pitching for Boston Red Sox : RHP Adam Thomas
Batting: LHB Emmanuel Gaskin 0-0: Ball
1-0: Ball
2-0: Ball
3-0: Called Strike
3-1: Base on Balls
Batting: RHB Luke Feeney 0-0: Ground out 4-3 (Groundball, 34, EV 96.3 MPH)
Emmanuel Gaskin to second
Batting: RHB Adrian Novakovic 0-0: Called Strike
0-1: Swinging Strike
0-2: Fly out, F8 (Flyball, 8RS, EV 95.0 MPH)
Batting: RHB Danny Eberhart 0-0: Called Strike
0-1: Fly out, F7 (Flyball, 7D, EV 103.1 MPH)
Bottom of the 2nd over - 0 runs, 0 hits, 0 errors, 1 left on base; Boston 0 - Detroit 1
TOP OF THE 3RD
Boston Red Sox batting - Pitching for Detroit Tigers : RHP Franklin Rojas
Batting: RHB Nick Esteves 0-0: Foul Ball, location: 2F
0-1: Ball
1-1: Ball
2-1: Called Strike
2-2: Ball
3-2: Base on Balls
Batting: SHB Brace Harper 0-0: Fly out, F4 (Popup, 3D, EV 68.8 MPH)
Batting: SHB Robbie Rogers 0-0: Ball
1-0: Ball
2-0: Foul Ball, location: 2F
2-1: Called Strike
Nick Esteves steals 2nd base (no throw)
2-2: Ball
3-2: Foul Ball, location: 2F
3-2: SINGLE (Flyball, 56D, EV 94.4 MPH)
Nick Esteves to third
Batting: LHB Xavier Pittman 0-0: Ball
Robbie Rogers steals 2nd base
1-0: Ball
2-0: SINGLE (Groundball, 34D, EV 102.5 MPH)
Nick Esteves scores
Robbie Rogers to third
Runner from 3rd tries for Home, SAFE, throw by RF to home
Batting: SHB Mark Rennie 0-0: Called Strike
0-1: Foul Ball, location: 2F
0-2: Fielders Choice at 2nd, 4-6 (Groundball, 34, EV 83.1 MPH)
Batting: LHB Ernesto Cedillos 0-0: Ball
1-0: Fly out, F7 (Flyball, 7D, EV 103.1 MPH)
Top of the 3rd over - 2 runs, 2 hits, 0 errors, 1 left on base; Boston 2 - Detroit 1
BOTTOM OF THE 3RD
Detroit Tigers batting - Pitching for Boston Red Sox : RHP Adam Thomas
Batting: RHB Greg Harman 0-0: Ball
1-0: SOLO HOME RUN (Flyball, 9D, EV 97.5 MPH), Distance : 366 ft
Batting: LHB Jordan Villa 0-0: Ground out 1-3 (Groundball, 15S, EV 63.8 MPH)
Batting: SHB Phil Zacharia 0-0: Ball
1-0: Called Strike
1-1: Foul Ball, location: 2F
1-2: Ball
2-2: Ball
3-2: Base on Balls
Batting: LHB Tyler Davis 0-0: Ball
1-0: Foul Ball, location: 2F
1-1: Called Strike
1-2: Foul Ball, location: 2F
1-2: Ball
2-2: Ball
Wild Pitch!
Phil Zacharia to second
3-2: Foul Ball, location: 2F
3-2: DOUBLE (Flyball, 89D, EV 106.9 MPH)
Phil Zacharia scores
Batting: RHB Ryan Neal 0-0: Ball
1-0: Ball
2-0: Ball
3-0: Called Strike
3-1: Ground out 4-3 (Groundball, 4MS, EV 90.0 MPH)
Tyler Davis to third
Batting: LHB Emmanuel Gaskin 0-0: Called Strike
0-1: Ball
1-1: Swinging Strike
1-2: Strikes out looking
Bottom of the 3rd over - 2 runs, 2 hits, 0 errors, 1 left on base; Boston 2 - Detroit 3
TOP OF THE 4TH
Boston Red Sox batting - Pitching for Detroit Tigers : RHP Franklin Rojas
Batting: SHB Rich Chavez 0-0: Called Strike
0-1: Ball
1-1: Fly out, F3 (Popup, 3SF, EV 70.6 MPH)
Batting: RHB Manny Vergara 0-0: Ball
1-0: Called Strike
1-1: Foul Ball, location: 2F
1-2: Ball
2-2: Ball
3-2: Ground out 6-3 (Groundball, 6, EV 85.6 MPH)
Batting: LHB Kevin McCormic Jr. 0-0: Ball
1-0: Called Strike
1-1: Foul Ball, location: 2F
1-2: Ball
2-2: Foul Ball, location: 2F
2-2: Strikes out looking
Top of the 4th over - 0 runs, 0 hits, 0 errors, 0 left on base; Boston 2 - Detroit 3
BOTTOM OF THE 4TH
Detroit Tigers batting - Pitching for Boston Red Sox : RHP Adam Thomas
Batting: RHB Luke Feeney 0-0: Ball
1-0: Called Strike
1-1: Fly out, F7 (Flyball, 7D, EV 101.9 MPH)
Batting: RHB Adrian Novakovic 0-0: Ball
1-0: Foul Ball, location: 2F
1-1: Ball
2-1: Ball
3-1: Swinging Strike
3-2: SINGLE (Line Drive, 9S, EV 106.3 MPH)
Batting: RHB Danny Eberhart 0-0: Foul Ball, location: 2F
0-1: Ball
1-1: Foul Ball, location: 2F
1-2: Ball
2-2: Ball
3-2: Foul Ball, location: 2F
3-2: Base on Balls
Adrian Novakovic to second
Batting: RHB Greg Harman 0-0: Grounds into double play, 6-4-3 (Groundball, 6D, EV 86.9 MPH)
Bottom of the 4th over - 0 runs, 1 hit, 0 errors, 1 left on base; Boston 2 - Detroit 3
TOP OF THE 5TH
Boston Red Sox batting - Pitching for Detroit Tigers : RHP Franklin Rojas
Batting: RHB Nick Esteves 0-0: Called Strike
0-1: Ground out 6-3 (Groundball, 6, EV 103.8 MPH)
Batting: SHB Brace Harper 0-0: Called Strike
0-1: DOUBLE (Flyball, 89XD, EV 93.1 MPH)
Batting: SHB Robbie Rogers 0-0: SINGLE (Line Drive, 78S, EV 107.5 MPH)
Brace Harper to third
Batting: LHB Xavier Pittman 0-0: Called Strike
0-1: Ball
1-1: Ball
2-1: Ball
Robbie Rogers steals 2nd base
3-1: Foul Ball, location: 2F
3-2: TRIPLE (Line Drive, 8RXD, EV 105.0 MPH)
Brace Harper scores
Robbie Rogers scores
Batting: SHB Mark Rennie 0-0: Ball
1-0: Ball
2-0: Fly out, F8 (Flyball, 8RS, EV 75.6 MPH)
Batting: LHB Ernesto Cedillos 0-0: Ball
1-0: Swinging Strike
1-1: Called Strike
1-2: Foul Ball, location: 2F
1-2: Ball
Wild Pitch!
Xavier Pittman scores
2-2: Strikes out swinging
Top of the 5th over - 3 runs, 3 hits, 0 errors, 0 left on base; Boston 5 - Detroit 3
BOTTOM OF THE 5TH
Detroit Tigers batting - Pitching for Boston Red Sox : RHP Adam Thomas
Batting: LHB Jordan Villa 0-0: SINGLE (Line Drive, 78S, EV 91.9 MPH)
Batting: SHB Phil Zacharia 0-0: Ball
1-0: Ball
2-0: Ball
3-0: Base on Balls
Jordan Villa to second
Batting: LHB Tyler Davis 0-0: Called Strike
0-1: Foul Ball, location: 2F
0-2: Ball
1-2: Ball
2-2: Fly out, F9 (Flyball, BS8, EV 97.5 MPH)
Runner from 2nd tags up, SAFE at 3rd, no throw by RF
Batting: RHB Ryan Neal 0-0: Called Strike
0-1: Foul Ball, location: 2F
0-2: Ball
1-2: Foul Ball, location: 2F
1-2: Ball
2-2: Foul Ball, location: 2F
2-2: Ball
3-2: Foul Ball, location: 2F
3-2: Foul Ball, location: 2F
3-2: Ground out 5-3 (Groundball, 56S, EV 69.4 MPH)
Jordan Villa scores
Phil Zacharia to second
Batting: LHB Emmanuel Gaskin 0-0: Ball
1-0: Ball
2-0: Foul Ball, location: 2F
2-1: Foul Ball, location: 2F
2-2: Foul Ball, location: 2F
2-2: 2-RUN HOME RUN (Line Drive, 9LD, EV 98.1 MPH), Distance : 387 ft
Pitching: LHP Adam Schneidewind
Batting: RHB Luke Feeney 0-0: Called Strike
0-1: Swinging Strike
0-2: Strikes out swinging
Bottom of the 5th over - 3 runs, 2 hits, 0 errors, 0 left on base; Boston 5 - Detroit 6
TOP OF THE 6TH
Boston Red Sox batting - Pitching for Detroit Tigers : RHP Franklin Rojas
Pitching: RHP Chris Haselhorst
Batting: SHB Rich Chavez 0-0: Ball
1-0: Ball
2-0: Foul Ball, location: 2F
2-1: Ground out 6-3 (Groundball, 4MD, EV 100.0 MPH)
Batting: RHB Manny Vergara 0-0: SINGLE (Line Drive, 7S, EV 112.5 MPH)
Batting: LHB Kevin McCormic Jr. 0-0: Called Strike
0-1: Ball
1-1: Ball
2-1: Fly out, F9 (Flyball, 9D, EV 75.0 MPH)
Batting: RHB Nick Esteves 0-0: Ball
1-0: Ball
2-0: Ball
3-0: Called Strike
3-1: Called Strike
3-2: 2-RUN HOME RUN (Flyball, 78XD, EV 102.5 MPH), Distance : 423 ft
Batting: SHB Brace Harper 0-0: Ball
1-0: Swinging Strike
1-1: Called Strike
1-2: Foul Ball, location: 2F
1-2: Strikes out swinging
Top of the 6th over - 2 runs, 2 hits, 0 errors, 0 left on base; Boston 7 - Detroit 6
BOTTOM OF THE 6TH
Detroit Tigers batting - Pitching for Boston Red Sox : LHP Adam Schneidewind
Batting: RHB Adrian Novakovic 0-0: Ground out 6-3 (Groundball, 56, EV 81.3 MPH)
Batting: RHB Danny Eberhart 0-0: Ball
1-0: Swinging Strike
1-1: Swinging Strike
1-2: SINGLE (Groundball, 34D, EV 101.9 MPH)
Batting: RHB Greg Harman 0-0: Ball
1-0: Foul Ball, location: 2F
1-1: Swinging Strike
1-2: Foul Ball, location: 2F
1-2: SINGLE (Groundball, 34D, EV 104.4 MPH)
Danny Eberhart to second
Runner from 2nd tries for 3rd, SAFE, throw by RF made to third
Greg Harman to second
Batting: LHB Jordan Villa 0-0: Called Strike
0-1: Foul Ball, location: 2F
0-2: Ball
1-2: Foul Ball, location: 2F
1-2: Ball
2-2: Fly out, F8 (Flyball, 8RM, EV 77.5 MPH)
Batting: SHB Phil Zacharia 0-0: Called Strike
0-1: Ball
1-1: Foul Ball, location: 2F
1-2: Fly out, F8 (Line Drive, 8LD, EV 107.5 MPH)
Bottom of the 6th over - 0 runs, 2 hits, 0 errors, 2 left on base; Boston 7 - Detroit 6
TOP OF THE 7TH
Boston Red Sox batting - Pitching for Detroit Tigers : RHP Chris Haselhorst
Pitching: RHP Bryce Cleavinger
Batting: SHB Robbie Rogers 0-0: Ball
1-0: Foul Ball, location: 2F
1-1: Ball
2-1: TRIPLE (Line Drive, 89XD, EV 100.6 MPH)
Batting: LHB Xavier Pittman 0-0: Ball
1-0: Fly out, F4 (Popup, 23, EV 85.6 MPH)
Batting: SHB Mark Rennie 0-0: Ground out 4-3 (Groundball, 34S, EV 65.6 MPH)
Batting: LHB Ernesto Cedillos 0-0: Swinging Strike
0-1: Ball
1-1: Swinging Strike
1-2: Reached on error, E4 (Groundball, 4, EV 82.5 MPH)
Robbie Rogers scores
Batting: SHB Rich Chavez 0-0: Ball
1-0: Called Strike
1-1: Ball
2-1: Swinging Strike
2-2: Strikes out swinging
Top of the 7th over - 1 run, 1 hit, 1 error, 1 left on base; Boston 8 - Detroit 6
BOTTOM OF THE 7TH
Detroit Tigers batting - Pitching for Boston Red Sox : LHP Adam Schneidewind
Pitching: RHP Edgar Saldivar
Batting: LHB Tyler Davis 0-0: Ball
1-0: Swinging Strike
1-1: Ball
2-1: Swinging Strike
2-2: Foul Ball, location: 2F
2-2: Strikes out swinging
Batting: RHB Ryan Neal 0-0: Called Strike
0-1: Swinging Strike
0-2: Ground out 6-3 (Groundball, 6, EV 89.4 MPH)
Batting: LHB Emmanuel Gaskin 0-0: Ground out U3 (Groundball, 34S, EV 80.6 MPH)
Bottom of the 7th over - 0 runs, 0 hits, 0 errors, 0 left on base; Boston 8 - Detroit 6
TOP OF THE 8TH
Boston Red Sox batting - Pitching for Detroit Tigers : RHP Bryce Cleavinger
Pitching: RHP Eric Putnam
Batting: RHB Manny Vergara 0-0: Ball
1-0: Called Strike
1-1: Swinging Strike
1-2: Foul Ball, location: 2F
1-2: Foul Ball, location: 2F
1-2: Ball
2-2: Foul Ball, location: 2F
2-2: Strikes out swinging
Batting: LHB Kevin McCormic Jr. 0-0: Ground out 4-3 (Groundball, 4M, EV 81.3 MPH)
Batting: RHB Nick Esteves 0-0: Ball
1-0: SINGLE (Groundball, 6MD, EV 101.9 MPH)
Batting: SHB Brace Harper 0-0: Ball
Nick Esteves is caught stealing 2nd base 2-6
Top of the 8th over - 0 runs, 1 hit, 0 errors, 0 left on base; Boston 8 - Detroit 6
BOTTOM OF THE 8TH
Detroit Tigers batting - Pitching for Boston Red Sox : RHP Edgar Saldivar
Now at 1B: Chris Lane
Batting: RHB Luke Feeney 0-0: Ground out 6-3 (Groundball, 6, EV 107.5 MPH)
Pinch Hitting: LHB Morgan Black 0-0: Ball
1-0: Ball
2-0: Ball
3-0: Called Strike
3-1: Foul Ball, location: 2F
3-2: Ground out 6-3 (Groundball, 6, EV 93.8 MPH)
Batting: RHB Danny Eberhart 0-0: Ball
1-0: Swinging Strike
1-1: Foul Ball, location: 2F
1-2: Ground out 4-3 (Groundball, 13, EV 81.9 MPH)
Bottom of the 8th over - 0 runs, 0 hits, 0 errors, 0 left on base; Boston 8 - Detroit 6
TOP OF THE 9TH
Boston Red Sox batting - Pitching for Detroit Tigers : RHP Eric Putnam
Now at 2B: Dave Reynolds
Now at SS: Danny Eberhart
Batting: SHB Brace Harper 0-0: Ball
1-0: Foul Ball, location: 2F
1-1: Ball
2-1: Fly out, F7 (Flyball, 7S, EV 94.4 MPH)
Batting: SHB Robbie Rogers 0-0: Ball
1-0: Swinging Strike
1-1: Swinging Strike
1-2: Ball
2-2: Foul Ball, location: 2F
2-2: Foul Ball, location: 2F
2-2: Ground out 6-3 (Groundball, 6, EV 100.0 MPH)
Batting: LHB Xavier Pittman 0-0: Called Strike
0-1: Swinging Strike
0-2: Strikes out swinging
Top of the 9th over - 0 runs, 0 hits, 0 errors, 0 left on base; Boston 8 - Detroit 6
BOTTOM OF THE 9TH
Detroit Tigers batting - Pitching for Boston Red Sox : RHP Edgar Saldivar
Pitching: RHP Max Blankenship
Now in LF: Shoichi Aso
Now in RF: Mark Rennie
Batting: RHB Greg Harman 0-0: Ground out 4-3 (Groundball, P, EV 86.3 MPH)
Batting: LHB Jordan Villa 0-0: Ball
1-0: Foul Ball, location: 2F
1-1: Reached via error on a dropped throw from 1B, E1 (Groundball, 34S, EV 82.5 MPH)
Batting: SHB Phil Zacharia 0-0: Foul Ball, location: 2F
0-1: Ball
1-1: Foul Ball, location: 2F
1-2: Foul Ball, location: 2F
1-2: Foul Ball, location: 2F
1-2: Ball
2-2: DOUBLE (Line Drive, 7LS, EV 95.0 MPH)
Jordan Villa to third
Batting: LHB Tyler Davis 0-0: Called Strike
0-1: Fly out, F9 (Flyball, 89M, EV 90.6 MPH)
Pinch Hitting: LHB Brad Turner 0-0: Swinging Strike
0-1: Ball
1-1: Ground out 1-3 (Groundball, 34S, EV 75.6 MPH)
Bottom of the 9th over - 0 runs, 1 hit, 1 error, 2 left on base; Boston 8 - Detroit 6
Thursday, March 31st , 2022 - OOTP Baseball 22.12 Build 89